 Dungeon Crawl Stone Soup version 0.26-a0-946-g9485abf61d (webtiles) character file.

Game seed: 17712170709679223943

9090 Liperdal the Geomancer (level 11, -1/71 HPs)
             Began as a Gargoyle Earth Elementalist on Nov 28, 2020.
             Was a Priest of Vehumet.
             Slain by Snorg (7 damage)
             ... on level 11 of the Dungeon.
             The game lasted 00:32:59 (11422 turns).

Liperdal the Geomancer (GrEE)                      Turns: 11422, Time: 00:33:00

Health: -1/71      AC: 17    Str: 12    XL:     11   Next: 41%
Magic:  13/21      EV: 13    Int: 25    God:    Vehumet [***...]
Gold:   726        SH:  5    Dex: 10    Spells: 14/23 levels left

rFire    + . .     SeeInvis .   w - +7 dagger (venom)
rCold    + . .     Faith    .   (no shield)
rNeg     + . .     Spirit   .   a - +2 leather armour {rF+}
rPois    ∞         Reflect  +   (helmet restricted)
rElec    +         Harm     .   r - +0 cloak
rCorr    .         Rampage  +   (no gloves)
MR       .....     Clarity  +   E - +2 pair of boots {rampage}
Stlth    ++........             h - amulet of reflection
HPRegen  0.21/turn              l - ring of protection from cold
MPRegen  0.17/turn              x - +6 ring of intelligence

@: about to teleport
A: antennae 1, rugged brown scales 1, clarity, deformed body, negative energy
resistance 1, electricity resistance, unbreathing, petrification resistance, rot
immunity, AC +8
a: Renounce Religion


You were on level 11 of the Dungeon.
You worshipped Vehumet.
Vehumet was most pleased with you.
You visited 2 branches of the dungeon, and saw 12 of its levels.
You also visited: Sewer.

You collected 726 gold pieces.

Inventory:

Hand Weapons
 o - a +5 flail
 w - a +7 dagger of venom (weapon)
Missiles
 b - 119 stones (quivered)
 c - a throwing net
Armour
 a - a +2 leather armour of fire resistance (worn)
 q - a +0 helmet
 r - a +0 cloak (worn)
 E - a +2 pair of boots of rampaging (worn)
Jewellery
 h - an amulet of reflection (around neck)
 l - a ring of protection from cold (left hand)
 x - a +6 ring of intelligence (right hand)
Wands
 e - a wand of polymorph (8)
 p - a wand of digging (4)
Scrolls
 d - 4 scrolls of teleportation
 n - 3 scrolls of immolation
 s - 2 scrolls of fear
 t - 2 scrolls of magic mapping
 u - 2 scrolls of remove curse
 v - 9 scrolls of identify
 y - 2 scrolls of amnesia
Potions
 f - 5 potions of flight
 g - 8 potions of curing
 i - a potion of heal wounds
 j - 5 potions of lignification
 k - a potion of magic
 m - a potion of cancellation
 z - a potion of invisibility


   Skills:
 * Level 8.5 Fighting
 + Level 4.9 Maces & Flails
 + Level 5.7 Armour
 + Level 4.7 Dodging
 - Level 2.1 Stealth
 + Level 6.8 Spellcasting
 + Level 7.6 Conjurations
 - Level 0.7 Transmutations
 + Level 9.4 Earth Magic
 + Level 2.3 Evocations


You had 14 spell levels left.
You knew the following spells:

 Your Spells              Type           Power        Failure   Level
a - Sandblast             Erth           ######       1%          1
b - Stone Arrow           Conj/Erth      ######       1%          3
c - Lee's Rapid Deconstr  Erth           ######....   1%          5

Your spell library contained the following spells:

 Spells                   Type           Power        Failure   Level
 Conjure Flame            Conj/Fire      ####....     1%          3
 Magic Dart               Conj           ####         1%          1
 Shock                    Conj/Air       ####         1%          1
 Passwall                 Tmut/Erth      ####....     1%          2
 Searing Ray              Conj           #####.       1%          2
 Dazzling Flash           Conj/Hex       ####..       1%          3
 Static Discharge         Conj/Air       ####....     1%          3
 Fulminant Prism          Conj/Hex       ####......   5%          4
 Iskenderun's Mystic Bla  Conj/Tloc      ####....     5%          4
 Petrify                  Tmut/Erth      ####....     11%         4
 Swiftness                Air            #.......     13%         2
 Lightning Bolt           Conj/Air       ####......   13%         5
 Airstrike                Air            #.........   22%         4


Dungeon Overview and Level Annotations

Branches:
Dungeon (11/15)            Temple (1/1) D:4            Lair (0/6) D:11
    Orc (0/2) D:11          Sewer (visited)

Altars:
Ashenzari
Cheibriados
Dithmenos
Elyvilon
Fedhas
Gozag
Hepliaklqana
Kikubaaqudgha
Makhleb
Nemelex Xobeh
Okawaru
Qazlal
Ru
Sif Muna
Trog
Uskayaw
Vehumet
Wu Jian
Xom
Yredelemnul
Zin
The Shining One
Lugonu

Annotations:
D:5 2 transporters, loralnil's ghost, amateur GnTm
D:11 Snorg


Innate Abilities, Weirdness & Mutations

You are resistant to torment.
Your stone body is resilient. (AC +8)
You are immune to poison.
You resist negative energy. (rN+)
You are resistant to electric shocks. (rElec)
You can survive without breathing.
You are immune to petrification.
You are immune to rotting.
You have a pair of small antennae on your head.
You are partially covered in rugged brown scales. (AC +1, +3% HP)
You possess an exceptional clarity of mind.
Armour fits poorly on your strangely shaped body.


Message History

Casting: Sandblast (safe; 1% risk of failure)
Confirm with . or Enter, or press ? or * to list all spells.
Aiming: Sandblast (safe; 1% risk of failure)
Press: ? - help, Shift-Dir - straight line, f/p - Snorg
Aim: Snorg (moderately wounded, berserk, 16% to evade)
The blast of sand misses Snorg.
b - 119 stones Snorg bites you!!
* * * LOW HITPOINT WARNING * * *
Snorg claws you but does no damage. x2; Snorg barely misses you. x2
Snorg claws you!
* * * LOW HITPOINT WARNING * * *
Unknown command.
Blink to where?
Press: ? - help, Dir - move target, p - Snorg
As you read the scroll of blinking, it crumbles to dust.
As you read the scroll of teleportation, it crumbles to dust.
You feel strangely unstable. You block Snorg's attack. Snorg claws you!
You die...

## # #. # ######################.
# #.....@................ #
#....T................. #
#....#######.####'##... #
#.##'#.....#.#.....#...
###########.#..§.....#.#.....#...
............#........#.#.....#...
....[.......#.......###...####...
###..######.#.......##.....###...
#..# #.#.......#.......#....


You could see Snorg (berserk).

Vanquished Creatures
  Erica (D:11)
  2 two-headed ogres
  Nergalle (D:11)
  An unseen horror (D:11)
  Pikel (D:7)
  Joseph (D:10)
  A troll (D:11)
  Prince Ribbit (D:7)
  The ghost of drd the Covert, an amateur OpBr (D:4)
  A wyvern (D:10)
  3 wargs (D:11)
  Duvessa (D:7)
  A water moccasin (D:9)
  A sky beast (D:6)
  3 orc warriors
  Purgy (Sewer)
  2 phantoms
  5 ogres
  A necrophage (D:6)
  5 centaurs
  2 big kobolds (D:4)
  Dowan (D:7)
  3 bullfrogs
  A scorpion (D:6)
  A water moccasin skeleton (D:6)
  14 wights
  8 howler monkeys
  A centaur zombie (D:6)
  2 hounds
  A jelly (D:10)
  A quasit (D:7)
  7 orc priests
  Crazy Yiuf (D:2)
  7 orc wizards
  5 worker ants
  2 iguanas
  A hound skeleton (D:10)
  Robin (D:2)
  A worker ant zombie (D:8)
  15 adders
  4 shadow imps
  4 white imps
  3 ufetubi
  An ooze (D:2)
  2 adder skeletons
  2 worms
  A dart slug (D:3)
  4 leopard geckos
  33 orcs
  7 bats
  7 giant cockroaches
  13 goblins
  7 hobgoblins
  11 jackals
  13 kobolds
  2 quokkas
  2 ball pythons
  3 frilled lizards
  A jackal skeleton (D:4)
  A quokka skeleton (D:9)
  3 rats
233 creatures vanquished.

Vanquished Creatures (others)
  An ogre (D:4)
  A kobold (D:4)
2 creatures vanquished.

Grand Total: 235 creatures vanquished

Notes
Turn   | Place    | Note
-------+----------+-------------------------------------------
     0 | D:1      | Liperdal the Gargoyle Earth Elementalist began the quest
                  | for the Orb.
     0 | D:1      | Reached XP level 1. HP: 10/10 MP: 3/3
    74 | D:1      | You fall into a shaft and drop 1 floor!
   258 | D:1      | Reached XP level 2. HP: 15/15 MP: 5/5
   271 | D:1      | Reached skill level 4 in Earth Magic
  1072 | D:1      | Reached XP level 3. HP: 19/19 MP: 4/6
  1252 | D:1      | Learned a level 3 spell: Stone Arrow
  1689 | D:2      | Found a shadowy altar of Dithmenos.
  1724 | D:2      | Reached skill level 1 in Conjurations
  1789 | D:2      | Reached XP level 4. HP: 13/24 MP: 5/8
  1924 | D:2      | Noticed Robin
  1933 | D:2      | Killed Robin
  2129 | D:2      | Found a glowing golden altar of the Shining One.
  2247 | D:2      | Found a runed translucent door.
  2248 | D:2      | Noticed Crazy Yiuf
  2254 | D:2      | Killed Crazy Yiuf
  2255 | D:2      | Reached skill level 5 in Earth Magic
  2381 | D:3      | Reached XP level 5. HP: 28/28 MP: 9/9
  2428 | D:3      | Found a glowing drain.
  2478 | Sewer    | Entered a sewer
  2695 | Sewer    | Noticed Purgy
  2700 | Sewer    | Killed Purgy
  2701 | Sewer    | Reached XP level 6. HP: 24/32 MP: 5/11
  2707 | Sewer    | Learned a level 5 spell: Lee's Rapid Deconstruction
  3327 | D:3      | Reached skill level 6 in Earth Magic
  3757 | D:4      | Noticed a phantom
  3764 | D:4      | Killed a phantom
  3765 | D:4      | Reached XP level 7. HP: 29/36 MP: 7/13
  3769 | D:4      | Found a staircase to the Ecumenical Temple.
  3792 | Temple   | Entered the Ecumenical Temple
  4137 | D:4      | Found a runed translucent gate.
  4137 | D:4      | Found a runed translucent gate.
  4137 | D:4      | Found a runed translucent gate.
  4138 | D:4      | Noticed drd's ghost (amateur OpBr)
  4286 | D:4      | Found a radiant altar of Vehumet.
  4295 | D:4      | Became a worshipper of Vehumet
  4326 | D:4      | Gained mutation: You are partially covered in rugged brown
                  | scales. (AC +1, +3% HP) [potion of mutation]
  4326 | D:4      | Gained mutation: You have a pair of small antennae on your
                  | head. [potion of mutation]
  4326 | D:4      | Gained mutation: Armour fits poorly on your strangely
                  | shaped body. [potion of mutation]
  4326 | D:4      | Gained mutation: You possess an exceptional clarity of
                  | mind. [potion of mutation]
  4538 | D:4      | Found a hide-covered altar of Uskayaw.
  4688 | D:4      | Found a burning altar of Makhleb.
  4688 | D:4      | Noticed a blizzard demon
  4692 | D:4      | Noticed a neqoxec
  4692 | D:4      | Noticed a hellwing
  4911 | D:4      | Reached skill level 1 in Fighting
  4916 | D:4      | Reached skill level 1 in Armour
  4916 | D:4      | Reached skill level 7 in Earth Magic
  4916 | D:4      | Reached XP level 8. HP: 24/45 MP: 6/15
  4927 | D:4      | Killed drd's ghost
  4928 | D:4      | Reached skill level 5 in Spellcasting
  5169 | D:5      | Entered Level 5 of the Dungeon
  5175 | D:5      | Found a transporter.
  5186 | D:5      | Noticed loralnil's ghost (amateur GnTm)
  5189 | D:5      | Found a transporter.
  5246 | D:5      | Found a hazy altar of Hepliaklqana.
  6019 | D:6      | Reached skill level 5 in Conjurations
  6392 | D:6      | Reached skill level 1 in Maces & Flails
  6457 | D:6      | Found a broken altar of Ashenzari.
  6480 | D:6      | Reached * piety under Vehumet
  6480 | D:6      | Offered knowledge of Shock by Vehumet.
  6637 | D:6      | Found a glowing silver altar of Zin.
  6745 | D:6      | Reached XP level 9. HP: 48/53 MP: 14/17
  6844 | D:7      | Found a snail-covered altar of Cheibriados.
  6844 | D:7      | Noticed Duvessa
  6844 | D:7      | Noticed Dowan
  6844 | D:7      | Noticed Pikel
  6929 | D:7      | Noticed Prince Ribbit
  6944 | D:7      | Killed Pikel
  6958 | D:7      | Killed Duvessa
  6959 | D:7      | Reached skill level 5 in Fighting
  6962 | D:7      | Killed Prince Ribbit
  6963 | D:7      | Reached skill level 8 in Earth Magic
  6974 | D:7      | Killed Dowan
  7763 | D:8      | Offered knowledge of Freeze by Vehumet.
  7798 | D:8      | Found a hazy altar of Hepliaklqana.
  7813 | D:8      | Reached ** piety under Vehumet
  7814 | D:8      | Reached XP level 10. HP: 61/61 MP: 18/18
  8170 | D:8      | Noticed a two-headed ogre
  8174 | D:8      | Killed a two-headed ogre
  8499 | D:8      | Found a basalt altar of Yredelemnul.
  8618 | D:8      | Found an ornate altar of the Wu Jian Council.
  9173 | D:9      | Offered knowledge of Mephitic Cloud by Vehumet.
  9305 | D:9      | Got a slimy lead amulet
  9420 | D:9      | Identified the amulet of Kuh Apn {Spirit rElec Dex+5} (You
                  | found it on level 9 of the Dungeon)
  9504 | D:9      | Noticed a two-headed ogre
  9510 | D:9      | Killed a two-headed ogre
  9697 | D:10     | Entered Level 10 of the Dungeon
  9779 | D:10     | Reached skill level 5 in Armour
  9781 | D:10     | Reached skill level 1 in Evocations
  9792 | D:10     | Reached skill level 9 in Earth Magic
  9794 | D:10     | Reached *** piety under Vehumet
 10045 | D:10     | Noticed Joseph
 10055 | D:10     | Killed Joseph
 10145 | D:10     | Reached XP level 11. HP: 66/70 MP: 20/20
 10468 | D:11     | Found a staircase to the Orcish Mines.
 10488 | D:11     | Found a staircase to the Lair.
 10496 | D:11     | Offered knowledge of Conjure Flame by Vehumet.
 10500 | D:11     | Noticed a white ugly thing
 10510 | D:11     | Noticed Snorg
 10884 | D:11     | Noticed Erica
 10900 | D:11     | Killed Erica
 10902 | D:11     | Killed an unseen horror
 11017 | D:11     | Noticed Nergalle
 11044 | D:11     | Killed Nergalle
 11422 | D:11     | Slain by Snorg

Illustrated notes

Levels and vault maps discovered:
D:1:      eino_arrival_cavern_c, layout_loops_cross
D:2:      layout_basic, lemuel_coloured_pillars_altar,
          nicolae_dithmenos_shadow_blocks, uniq_crazy_yiuf_cottage, uniq_robin
D:3:      layout_basic, gup_sewer_entry_glass
D:4:      layout_loops_ring, fiery_altar_vehumet,
          eat_drink_and_be_merry_uskayaw, makhleb_altar_promises_db,
          minmay_temple_entry_drinking_statues, gammafunk_ghost_nasty_kobolds
D:5:      layout_basic, gammafunk_ghost_arena, basic_altar
D:6:      layout_basic, zin_academy, old_standard_altar, grunt_ministairs_14,
          minivault_5
D:7:      layout_rooms, lemuel_crystal_altar, feat_on_display, uniq_duvessa,
          uniq_pikel, uniq_prince_ribbit1
D:8:      layout_loops_ring, lemuel_round_altar, yredelemnul_altar_generic,
          kennysheep_little_box
D:9:      layout_big_octagon, minivault_19, solitary_fountain, minivault_1
D:10:     layout_small_grid, uniq_joseph
D:11:     layout_irregular_city, erik_lair_orcish_takeover, orc_0_dummy,
          enter_trove_6, hangedman_stone_soup, uniq_snorg, uniq_nergalle,
          uniq_erica
Temple:   kb_corrupted_temple

Skill      XL: |  1  2  3  4  5  6  7  8  9 10 11 |
---------------+----------------------------------+-----
Earth Magic    | 4 5 6 7 8 9 |  9.4
Conjurations   | 1 3 4 5 6 7 |  7.6
Spellcasting   | 3 4 5 6 |  6.8
Fighting       | 1 4 6 7 8 |  8.5
Armour         | 1 2 4 5 |  5.7
Dodging        | 2 3 4 |  4.7
Maces & Flails | 1 3 4 |  4.9
Evocations     | 1 2 |  2.3
Stealth        | |  2.1
Transmutations | |  0.7

Action                   |  1- 3 |  4- 6 |  7- 9 | 10-12 || total
-------------------------+-------+-------+-------+-------++-------
Melee: Dagger            |    90 |   104 |   220 |   158 ||   572
       Short sword       |       |    36 |    64 |       ||   100
 Cast: Sandblast         |    24 |    58 |    55 |    83 ||   220
       Stone Arrow       |       |       |     2 |     6 ||     8
       Lee's Rapid Decon |       |       |     1 |     3 ||     4
Evoke: Wand              |       |       |       |     6 ||     6
  Use: Scroll            |       |    10 |    11 |     7 ||    28
       Potion            |       |       |     2 |     1 ||     3
 Stab: Sleeping          |     6 |       |     3 |     3 ||    12
       Distracted        |       |       |     1 |       ||     1
Armor: Robe              |    43 |    31 |       |       ||    74
       Leather armour    |       |    20 |   136 |   112 ||   268
Dodge: Dodged            |    48 |    82 |   161 |   171 ||   462
Block: Other             |    13 |    33 |    55 |    64 ||   165
       Reflection        |       |     1 |     2 |     3 ||     6

Table legend: (Time is in decaauts)
 A = Elapsed time spent in this place.
 B = Non-inter-level travel time spent in this place.
 C = Inter-level travel time spent in this place.
 D = Time resting spent in this place.
 E = Time spent auto-exploring this place.
 F = Levels seen in this place.
 G = Mean time per level.
                   A        B        C        D        E       F      G
               +--------+--------+--------+--------+--------+-----+--------+
         Total |  11436 |  11032 |    404 |   1843 |   6921 |  13 |  879.7 |
       Dungeon |  10936 |  10553 |    383 |   1763 |   6611 |  11 |  994.2 |
        Temple |    166 |    145 |     21 |      0 |    145 |   1 |  166.0 |
         Sewer |    333 |    333 |      0 |     80 |    165 |   1 |  333.0 |
               +--------+--------+--------+--------+--------+-----+--------+

Top non-repeatable levels by time:
     D:8: 1349 daAuts
     D:4: 1251 daAuts
     D:1: 1248 daAuts
     D:6: 1151 daAuts
    D:10: 1128 daAuts
     D:3: 1098 daAuts
     D:2: 1085 daAuts
     D:9: 845 daAuts
     D:5: 597 daAuts
    D:11: 597 daAuts
     D:7: 583 daAuts
   Sewer: 333 daAuts
  Temple: 166 daAuts
